 Dungeon Crawl Stone Soup version 0.28-a0-474-g535839065c (webtiles) character file.

Game seed: 2085007300535585032

38 lesonaxe the Grave Robber (level 3, -1/27 HPs)
             Began as a Ghoul Necromancer on Sept 15, 2021.
             Slain by an adder (2 damage)
             ... on level 3 of the Dungeon.
             The game lasted 00:08:56 (1234 turns).

lesonaxe the Grave Robber (Ghoul Necromancer)       Turns: 1234, Time: 00:08:57

Health: -1/27      AC:  6    Str: 12    XL:     3   Next: 43%
Magic:  4/5        EV: 10    Int: 10    God:
Gold:   3          SH:  0    Dex:  9    Spells: 5/6 levels left

rFire   . . .      SeeInvis +   a - +0 rapier
rCold   + . .      Faith    .   (no shield)
rNeg    + + +      Spirit   .   d - +1 ring mail
rPois   ∞          Reflect  .   (no helmet)
rElec   .          Harm     .   (no cloak)
rCorr   .          Rampage  .   (no gloves)
Will    .....                   (no boots)
Stlth   +.........              (no amulet)
HPRegen 0.00/turn               e - ring of see invisible
MPRegen 0.09/turn               (no ring)

@: inhibited regen
A: claws 1, cold resistance 1, negative energy resistance 3, inhibited
regeneration, torment resistance 2
a: no special abilities


You were on level 3 of the Dungeon.
You visited 1 branch of the dungeon, and saw 3 of its levels.

You collected 3 gold pieces.

Inventory:

Hand Weapons
 a - a +0 rapier (weapon)
 b - a +0 mace
 g - a +2 vorpal spear
 h - a +0 whip of venom
 i - a +0 whip
Missiles
 k - 20 arrows
Armour
 c - a +0 robe
 d - a +1 ring mail (worn)
 f - a +0 barding
 j - a +0 chain mail
Jewellery
 e - a ring of see invisible (left claw)


   Skills:
 + Level 0.5 Fighting
 + Level 1.0 Maces & Flails
 + Level 1.0 Armour
 + Level 1.8 Dodging
 + Level 2.3 Stealth
 + Level 2.0 Spellcasting
 + Level 4.3 Necromancy


You had 5 spell levels left.
You knew the following spells:

 Your Spells              Type           Power      Damage    Failure   Level
a - Pain                  Necr           36%        1d5       12%         1

Your spell library contained the following spells:

 Spells                   Type           Power      Damage    Failure   Level
 Animate Skeleton         Necr           18%        N/A       12%         1
 Vampiric Draining        Necr           4%         2d6       34%         3
 Animate Dead             Necr           4%         N/A       75%         4
 Agony                    Necr           9%         N/A       97%         5


Dungeon Overview and Level Annotations

Branches:
Dungeon (3/15)

Altars:


Innate Abilities, Weirdness & Mutations

You thrive by killing the living.
You are immune to poison.
You have sharp fingernails.
Your flesh is cold resistant. (rC+)
You are immune to negative energy. (rN+++)
You do not regenerate when monsters are visible.
You are immune to unholy pain and torment.


Message History

The adder is severely wounded.
The adder bites you but does no damage.
You closely miss the adder.
The adder is severely wounded.
The adder bites you but does no damage. The adder bites you.
The adder bites you.
* * * LOW HITPOINT WARNING * * *
The adder misses you.
You barely miss the adder.
The adder is severely wounded.
The adder closely misses you. x2
Casting: Pain (safe; 12% risk of failure)
Confirm with . or Enter, or press ? or * to list all spells.
Aiming: Pain (safe; 12% risk of failure)
Press: ? - help, Shift-Dir - straight line, f/p - adder
Aim: an adder (severely wounded, chance to affect: 68%)
You miscast Pain.
You are very lightly contaminated with residual magic.
Nothing appears to happen.
The adder misses you.
You closely miss the adder.
The adder is severely wounded.
The adder bites you.
* * * LOW HITPOINT WARNING * * *
The adder bites you but does no damage.
You miss the adder.
The adder is severely wounded.
The adder closely misses you. x2
The adder closely misses you. The adder barely misses you.
The adder closely misses you.
You hit the adder.
The adder is almost dead.
The adder bites you.
* * * LOW HITPOINT WARNING * * *
Your magical contamination has completely faded away.
You hit the adder.
The adder is almost dead.
The adder bites you.
* * * LOW HITPOINT WARNING * * *
The adder bites you.
You die...

## .# .#
######.######
##..<...>....#
##.............
#.....S@.....[.
#..............
#..............
#..............
#..............
#..............
##.............
##...........#
######.######


You could see an adder.

Vanquished Creatures
  An adder (D:2)
  A white imp (D:3)
  A dart slug (D:1)
  3 ball pythons
  An endoplasm (D:2)
  3 giant cockroaches
  2 hobgoblins
  3 kobolds (D:2)
  A bat (D:1)
  2 frilled lizards (D:1)
  3 rats
21 creatures vanquished.

Vanquished Creatures (others)
  6 fungi (D:1)
6 creatures vanquished.

Grand Total: 27 creatures vanquished

Notes
Turn   | Place    | Note
-------+----------+-------------------------------------------
     0 | D:1      | lesonaxe the Ghoul Necromancer began the quest for the Orb.
     0 | D:1      | Reached XP level 1. HP: 14/14 MP: 2/2
   126 | D:1      | Found a faded altar of an unknown god.
   521 | D:2      | Reached XP level 2. HP: 9/20 MP: 2/4
   907 | D:2      | Reached XP level 3. HP: 16/27 MP: 3/5
   910 | D:2      | Reached skill level 1 in Maces & Flails
  1214 | D:3      | Reached skill level 1 in Armour
  1234 | D:3      | HP: 1/27 [adder (2)]
  1234 | D:3      | Slain by an adder

Illustrated notes

Levels and vault maps discovered:
D:1:      giann_bridges, layout_basic, shapermc_ecumenical_altar_ellora,
          glass_columns_a, kennysheep_decorative_pillar,
          minmay_misc_feat_nine_boxes, moated_statue, minmay_worlds_worst_comb
D:2:      layout_loops_ring
D:3:      minmay_inner_zag, layout_rooms

Skill      XL: |  1  2  3 |
---------------+----------+-----
Spellcasting   | 2 |  2.0
Maces & Flails | 1 |  1.0
Armour         | 1 |  1.0
Fighting       | |  0.5
Dodging        | |  1.8
Stealth        | |  2.3
Necromancy     | |  4.3

Action                   || total
-------------------------++-------
Melee: Mace              ||    56
       Spear             ||     7
       Rapier            ||    27
 Cast: Pain              ||     8
  Use: Scroll            ||     1
Armor: Ring mail         ||    54
       Robe              ||     2
Dodge: Dodged            ||    77

Table legend: (Time is in decaauts)
 A = Elapsed time spent in this place.
 B = Non-inter-level travel time spent in this place.
 C = Inter-level travel time spent in this place.
 D = Time resting spent in this place.
 E = Time spent auto-exploring this place.
 F = Levels seen in this place.
 G = Mean time per level.
                   A        B        C        D        E       F      G
               +--------+--------+--------+--------+--------+-----+--------+
         Total |   1260 |   1243 |     17 |    488 |      0 |   3 |  420.0 |
       Dungeon |   1260 |   1243 |     17 |    488 |      0 |   3 |  420.0 |
               +--------+--------+--------+--------+--------+-----+--------+

Top non-repeatable levels by time:
     D:1: 658 daAuts
     D:2: 572 daAuts
     D:3: 30 daAuts
